 Dungeon Crawl Stone Soup version 0.21-a0-19-g210df22 (webtiles) character file.

0 Manul the Ducker (level 1, -5/11 HPs)
             Began as a Spriggan Abyssal Knight on May 24, 2017.
             Was a Follower of Lugonu.
             Engulfed by a fire crab's flame (8 damage)
             ... on level 4 of the Abyss.
             The game lasted 00:01:29 (302 turns).

Manul the Ducker (Spriggan Abyssal Knight)           Turns: 302, Time: 00:01:29

Health: -5/11      AC:  2    Str:  8    XL:     1   Next: 0%
Magic:  3/3        EV: 18    Int: 13    God:    Lugonu [*.....]
Gold:   143        SH:  0    Dex: 15    Spells: 0/0 levels left

rFire    . . .     SeeInvis +   a - +1 short sword
rCold    . . .     Gourm    .   (shield restricted)
rNeg     . . .     Faith    .   b - +0 robe
rPois    .         Spirit   .   (helmet restricted)
rElec    .         Reflect  .   (no cloak)
rCorr    .         Harm     .   (gloves unavailable)
MR       .....                  (boots unavailable)
Stlth    +.........             (no amulet)
Regen    0.1/turn               (no ring)
MPRegen  0.1/turn               (no ring)

@: very quick
A: unfitting armour, see invisible, herbivore 3, speed 3, slow metabolism 2
a: Depart the Abyss, Renounce Religion


You were on level 4 of the Abyss.
You worshipped Lugonu.
Lugonu was aware of your devotion.
You were not hungry.

You visited 0 branches of the dungeon, and saw 0 of its levels.
You visited the Abyss 1 time.

You collected 143 gold pieces.

Inventory:

Hand Weapons
 a - a +1 short sword (weapon)
Missiles
 d - 16 arrows
Armour
 b - a +0 robe (worn)
Wands
 e - a wand of random effects (19/48)
Comestibles
 c - 2 bread rations


   Skills:
 - Level 2.4 Fighting
 - Level 2.1 Short Blades
 - Level 3.5 Dodging
 - Level 1.7 Invocations


You couldn't memorise any spells.
You didn't know any spells.

Dungeon Overview and Level Annotations

Branches:
Dungeon (0/15)

Altars:


Innate Abilities, Weirdness & Mutations

You are very small and have problems with some larger weapons.
You are too small for most types of armour.
You have supernaturally acute eyesight. (SInv)
You are a herbivore.
You cover ground extremely quickly.
You need consume almost no food.


Message History

Press: ? - help, Shift-Dir - straight line, f/p - slime creature
Aim: a slime creature (moderately wounded, lightly drained)
The slime creature easily resists.
Evoking this partially-identified wand wasted a few charges.
A worldbinder comes into view.
The worldbinder calls forth creatures from the Crypt!
The worldbinder moves out of view.
The worldbinder calls forth creatures from the Crypt!
A catoblepas, a fire crab and an ice statue come into view.
Found a scroll labeled PUIRINTA URIQY.
Found a gateway leading out of the Abyss.
You aren't carrying any potions.
You aren't carrying any spellbooks or scrolls.
A swamp dragon and a fire crab come into view.
The ice statue gestures.
The fire crab breathes flames at you. The blast of flame misses you.
You are engulfed in blazing flames.
Ouch! That really hurt!
You die...

. ####.
#...#..#..#
##.####...... ...
#....#.####.#.# .
#...#.. ..W...# #
#.....x.J.#.##..#
###.§#####.##.x.
.. #§#§§§≈≈≈#
##...W.#
#§§§t..≈≈#
##...##
#@§§Y...≈≈ .. .
#...§§§§§Y....≈ #
.##
#.#.#§§§..§..8∩D
##. #.#.....§...§
∩..#......t§≈§
#.. .......§≈§ ##
....≈§§§≈#
...#.≈#####


You could see a catoblepas, an ice statue, 2 fire crabs and an ice beast.

Vanquished Creatures (others)
  A jelly (Abyss:3)
  2 starspawn tentacles (Abyss:3)
3 creatures vanquished.

Notes
Turn   | Place    | Note
-------+----------+-------------------------------------------
     0 | Abyss:1  | Manul the Spriggan Abyssal Knight began the quest for the Orb.
     0 | Abyss:1  | Reached XP level 1. HP: 11/11 MP: 3/3
    58 | Abyss:1  | Noticed a small abomination
    62 | Abyss:1  | Found a corrupted altar of Lugonu.
    66 | Abyss:1  | Noticed a large abomination
    73 | Abyss:2  | Found a corrupted altar of Lugonu.
   129 | Abyss:3  | Found a corrupted altar of Lugonu.
   193 | Abyss:3  | Noticed a wretched star
   198 | Abyss:3  | Noticed a large abomination
   200 | Abyss:3  | Noticed a glowing orange brain
   200 | Abyss:3  | Noticed a bone dragon
   201 | Abyss:3  | Noticed a tentacled starspawn
   206 | Abyss:3  | Noticed an orange demon
   210 | Abyss:3  | Noticed a large abomination
   225 | Abyss:3  | Noticed an efreet
   231 | Abyss:3  | Noticed a jelly
   240 | Abyss:3  | Killed a jelly
   257 | Abyss:3  | Noticed a thrashing horror
   267 | Abyss:4  | Noticed a slime creature
   288 | Abyss:4  | Noticed a worldbinder
   289 | Abyss:4  | Noticed a wraith
   290 | Abyss:4  | Noticed a wraith
   298 | Abyss:4  | Noticed a fire crab
   298 | Abyss:4  | Noticed a catoblepas
   298 | Abyss:4  | Noticed an ice statue
   299 | Abyss:4  | Noticed a swamp dragon
   299 | Abyss:4  | Noticed a fire crab
   300 | Abyss:4  | Noticed an ice beast
   302 | Abyss:4  | Engulfed by a fire crab's flame

Vault maps used:
Abyss:2:  due_exit_kobolds
Abyss:3:  bh_abyss_exit_choice
Abyss:4:  evilmike_abyss_exit_16, gammafunk_abyss_rune_reverse_zot,
          grunt_abyss_exit_deep_breaths

Action                   || total
-------------------------++-------
Evoke: Wand              ||     2
Armor: Robe              ||     1
Dodge: Dodged            ||     5
